 Dungeon Crawl Stone Soup version 0.30-a0-629-gd54f4be4f7 (webtiles) character file.

Game seed: 3722894386724075153

55 MackTheStreak the Ruffian (level 3, 0/31 HPs)
             Began as a Troll Wanderer on Jan 12, 2023.
             Was a Follower of Uskayaw.
             Slain by Terence
             ... wielding a +0 hand axe
              (7 damage)
             ... on level 2 of the Dungeon.
             The game lasted 00:02:21 (1462 turns).

MackTheStreak the Ruffian (Troll Wanderer)          Turns: 1462, Time: 00:02:22

Health: 0/31       AC:  4    Str: 19    XL:     3   Next: 67%
Magic:  0/3        EV:  9    Int: 10    God:    Uskayaw [*.....]
Gold:   147        SH:  0    Dex: 10    Spells: 3/4 levels left

rFire   . . .      SeeInvis .      - Unarmed
rCold   . . .      Faith    .    (no shield)
rNeg    . . .      Spirit   +    c - +0 robe
rPois   .          Reflect  .    (helmet restricted)
rElec   .          Harm     .    (no cloak)
rCorr   .          Rampage  .    (gloves unavailable)
Will    .....                    (boots unavailable)
Stlth   +                        f - amulet of guardian spirit {Spirit}
HPRegen 1.05/turn                (no ring)
MPRegen 0.08/turn                (no ring)

@: no status effects
A: large, unfitting armour, claws 3, regeneration 1, shaggy fur 1, tough skin 1
a: Renounce Religion, Stomp


You were on level 2 of the Dungeon.
You worshipped Uskayaw.
Uskayaw was noncommittal.
You visited 1 branch of the dungeon, and saw 3 of its levels.

You collected 147 gold pieces.

Inventory:

Armour
 c - a +0 robe (worn)
Jewellery
 f - an amulet of guardian spirit (around neck) {Spirit}
   (You found it on level 1 of the Dungeon)
Wands
 d - a wand of polymorph (5)
 i - a wand of mindburst (14)
   (You found it on level 2 of the Dungeon)
Scrolls
 a - a scroll of blinking {unknown}
 b - 2 scrolls of fear
 h - 3 scrolls of identify {unknown}
 j - a scroll of noise {unknown}
 l - a scroll of poison {unknown}
Potions
 e - 3 potions of curing {unknown}
 g - a potion of heal wounds {unknown}
 k - a potion of lignification {unknown}


   Skills:
 - Level 1.0 Stealth
 + Level 3.4 Unarmed Combat
 - Level 1.0 Spellcasting
 - Level 2.0 Hexes
 - Level 1.3 Translocations
 - Level 2.1 Evocations


You had 3 spell levels left.
You knew the following spells:

 Your Spells              Type           Power      Damage    Failure   Level
s - Slow                  Hex            16%        N/A       16%         1

Your spell library contained the following spells:

 Spells                   Type           Power      Damage    Failure   Level
 Apportation              Tloc           6%         N/A       21%         1
 Blink                    Tloc           6%         N/A       30%         2
 Portal Projectile        Hex/Tloc       6%         N/A       45%         3
 Manifold Assault         Tloc           3%         N/A       89%         4


Dungeon Overview and Level Annotations

Branches:
Dungeon (3/15)

Altars:
Uskayaw

Annotations:
D:2 Terence
D:3 Robin


Innate Abilities, Weirdness & Mutations

You are too large for most types of armour.
You have claws for hands.
Your natural rate of healing is unusually fast.
You are covered in fur. (AC +1)
You have tough skin. (AC +1)


Message History

You climb downwards.
Robin shouts!
The goblin shouts! x2; The hobgoblin shouts!
The ball python hisses angrily.
The hobgoblin shouts!
The goblin shouts! x4
Found four items.
Found an escape hatch in the ceiling.
Found a stone staircase leading up.
There is a stone staircase leading up here.
There are monsters nearby!
There are monsters nearby!
The goblin closely misses you.
The hobgoblin hits you but does no damage.
The hobgoblin closely misses you. The hobgoblin hits you.
Robin throws the goblin at you!
The teleport trap disappears.
The goblin disappears!
You climb upwards.
There is a stone staircase leading down here.
You take 4 damage, and have 27/31 hp.
You claw the hobgoblin!
You kill the hobgoblin!
You barely miss the hobgoblin. The goblin hits you with a +0 club.
The hobgoblin hits you but does no damage. x2
You take 1 damage, and have 27/31 hp.
You claw the hobgoblin!
You kill the hobgoblin!
The goblin barely misses you. The hobgoblin barely misses you.
You scratch the goblin but do no damage.
The goblin hits you with a +0 club. The hobgoblin barely misses you.
You take 3 damage, and have 25/31 hp.
You scratch the goblin but do no damage.
The goblin barely misses you. The hobgoblin barely misses you.
You scratch the goblin. The goblin closely misses you. The hobgoblin hits you.
You now have 2/3 mp.
You claw the goblin!
You kill the goblin!
The hobgoblin barely misses you.
You closely miss the hobgoblin. The hobgoblin closely misses you.
You claw the hobgoblin!
You kill the hobgoblin!
You can now pass through a line of other dancers.
You see here a +0 leather armour.
There is an escape hatch in the ceiling here.
There is a stone staircase leading down here.
Health restored: 31; MP restored: 3 You climb downwards.
Level annotation: Robin
Found a stone staircase leading down.
There is a stone staircase leading up here.
A bat is nearby!
A bat is nearby!
A hobgoblin comes into view.
The bat hits you.
You take 1 damage, and have 30/31 hp.
You claw the bat!
You kill the bat!
The hobgoblin shouts!
You hear a shout!
Health restored: 31 Terence and a black bear come into view.
Terence shouts!
The black bear growls angrily.
A quokka comes into view.
The hobgoblin barely misses you.
You scratch the hobgoblin but do no damage.
The hobgoblin barely misses you.
You barely miss the hobgoblin.
The hobgoblin hits you but does no damage.
You scratch the hobgoblin. The hobgoblin hits you.
You take 1 damage, and have 30/31 hp.
Health restored: 31
There is a stone staircase leading up here.
The hobgoblin hits you.
You climb upwards.
There is a stone staircase leading down here.
You scratch the hobgoblin.
You kill the hobgoblin!
No target in view!
You start waiting.
Done waiting.
You can't go up here!
You climb downwards.
Level annotation: Robin, Terence The black bear bites you.
The black bear barely misses you. The black bear claws you.
The black bear bites you. The black bear claws you.
The black bear barely misses you. The quokka bites you.
There is a stone staircase leading up, spattered with blood here.
You take 10 damage, and have 21/31 hp.
MASSIVE DAMAGE!!
You now have 2/3 mp.
The quokka bites you. Terence hits you with a +0 hand axe.
The black bear bites you. The black bear completely misses you.
The black bear claws you.
You climb upwards.
There is a stone staircase leading down here.
You take 10 damage, and have 11/31 hp.
MASSIVE DAMAGE!!
You now have 1/3 mp.
The quokka barely misses you. Terence hits you with a +0 hand axe!
* * * LOW HITPOINT WARNING * * *
You take 5 damage, and have 6/31 hp.
You now have 0/3 mp.
The quokka attacks as you move away! The quokka bites you.
* * * LOW HITPOINT WARNING * * *
Terence hits you with a +0 hand axe!
You die...

####### #.###...#.# #.....#
#.# #...#.########## #.....#
#.# #...#.##.......# #.....#
#.# #...#.##.#####.#
##.....######.###.....##.##
#.#
..................>.......#
#.#
##.....########.#h........#
#.# ######## #####.r@........#
#.# # ######....#@#........#
#.# #
#...........#<#####.#####.# #
#.........#.#.# #.##....# #
#.........###.# #.##.#### ###
#.........#...# #.##.# ..#
#.........#...#####....# #.#
#.........#<......######
#.#######..............#######
#....##
#.............##.....##


You could see a black bear, Terence and a quokka.

Vanquished Creatures
  An adder (D:2)
  2 dart slugs
  An orc (D:2)
  5 ball pythons
  2 bats
  2 endoplasms (D:1)
  2 giant cockroaches (D:2)
  5 goblins (D:2)
  8 hobgoblins
  2 quokkas
  4 kobolds
  3 rats
37 creatures vanquished.

Notes
Turn   | Place    | Note
-------+----------+-------------------------------------------
     0 | D:1      | MackTheStreak the Troll Wanderer began the quest for the
                  | Orb.
     0 | D:1      | MackTheStreak set off with the following items: a +0 club,
                  | a scroll of fear, a +0 robe, a wand of polymorph (5); and
                  | the following spells available to memorise: Slow,
                  | Apportation, Blink, Portal Projectile, Manifold Assault.
     0 | D:1      | Reached XP level 1. HP: 16/16 MP: 1/1
     4 | D:1      | Learned a level 1 spell: Slow
   112 | D:1      | Reached skill level 1 in Unarmed Combat
   248 | D:1      | Reached XP level 2. HP: 24/24 MP: 2/2
   275 | D:1      | Found a faded altar of an unknown god.
   287 | D:1      | Prayed at the altar of an unknown god.
   287 | D:1      | Became a worshipper of Uskayaw the Reveller
   287 | D:1      | Reached * piety under Uskayaw
   423 | D:1      | Reached skill level 2 in Unarmed Combat
   624 | D:2      | Identified the +6 trident of the Enormous God {drain,
                  | Contam +Blink rCorr Stlth+}
   684 | D:2      | Reached ** piety under Uskayaw
   697 | D:2      | Reached *** piety under Uskayaw
   704 | D:2      | Reached **** piety under Uskayaw
   870 | D:2      | Reached XP level 3. HP: 31/31 MP: 3/3
   926 | D:2      | Reached skill level 3 in Unarmed Combat
  1291 | D:3      | Noticed Robin
  1346 | D:3      | Noticed Terence
  1346 | D:3      | Noticed a black bear
  1460 | D:2      | HP: 6/31 [Terence/+0 hand axe (6)]
  1462 | D:2      | Slain by Terence

Illustrated notes

Levels and vault maps discovered:
D:1:      minmay_arrival_widening_spiral_wide, layout_rooms,
          dreamdust_ecumenical_altar_angels_and_demons
D:2:      layout_basic, minmay_misc_feat_nine_boxes, minmay_goblin_kobold_house
D:3:      layout_rooms, uniq_robin, uniq_terence

Skill      XL: |  1  2  3 |
---------------+----------+-----
Unarmed Combat | 1 2 3 |  3.4
Stealth        | |  1.0
Spellcasting   | |  1.0
Hexes          | |  2.0
Translocations | |  1.3
Evocations     | |  2.1

Action                   || total
-------------------------++-------
Melee: Unarmed           ||    96
       Punch             ||     1
 Stab: Sleeping          ||     1
       Paralysed         ||     2
Armor: Robe              ||    34
Dodge: Dodged            ||    69

Table legend: (Time is in decaauts)
 A = Elapsed time spent in this place.
 B = Non-inter-level travel time spent in this place.
 C = Inter-level travel time spent in this place.
 D = Time resting spent in this place.
 E = Time spent auto-exploring this place.
 F = Levels seen in this place.
 G = Mean time per level.
                   A        B        C        D        E       F      G
               +--------+--------+--------+--------+--------+-----+--------+
         Total |   1459 |   1365 |     94 |    202 |    906 |   3 |  486.3 |
       Dungeon |   1459 |   1365 |     94 |    202 |    906 |   3 |  486.3 |
               +--------+--------+--------+--------+--------+-----+--------+

Top non-repeatable levels by time:
     D:2: 845 daAuts
     D:1: 596 daAuts
     D:3: 16 daAuts

Table legend:
 A = Kills in this place as a percentage of kills in entire the game.
 B = Kills by you in this place as a percentage of kills by you in the entire game.
 C = Kills by friends in this place as a percentage of kills by friends in the entire game.
 D = Other kills in this place as a percentage of other kills in the entire game.
 E = Experience gained in this place as a percentage of experience gained in the entire game.
 F = Experience gained in this place divided by the number of levels of this place that you have seen.
                   A       B       C       D       E      F
               +-------+-------+-------+-------+-------+----------------------
         Total | 100.0 | 100.0 |   N/A |   N/A | 100.0 |  26.3
       Dungeon | 100.0 | 100.0 |   N/A |   N/A | 100.0 |  26.3
               +-------+-------+-------+-------+-------+----------------------
